 Dungeon Crawl Stone Soup version 0.27-a0-1105-g946c659c87 (webtiles) character file.

Game seed: 17277679902472715252

24 kodamatunes15 the Grasshopper (level 3, -2/31 HPs)
             Began as a Gnoll Warper on Apr 30, 2021.
             Succumbed to a gnoll's poison
             ... on level 2 of the Dungeon.
             The game lasted 00:23:19 (1281 turns).

kodamatunes15 the Grasshopper (Gnoll Warper)        Turns: 1281, Time: 00:23:20

Health: -2/31      AC:  4    Str: 11    XL:     3   Next: 2%
Magic:  9/9        EV: 12    Int: 12    God:
Gold:   53         SH:  0    Dex: 11    Spells: 11/11 levels left

rFire    . . .     SeeInvis .   i - +0 dagger
rCold    . . .     Faith    .   (no shield)
rNeg     . . .     Spirit   .   b - +1 leather armour
rPois    .         Reflect  .   (no helmet)
rElec    .         Harm     .   (no cloak)
rCorr    .         Rampage  .   (no gloves)
Will     .....                  (no boots)
Stlth    +.........             (no amulet)
HPRegen  0.10/turn              (no ring)
MPRegen  0.11/turn              (no ring)

@: lethally poisoned (-2 -> -34)
A: fangs 1, strong nose, distributed training
a: no special abilities


You were on level 2 of the Dungeon.
You visited 1 branch of the dungeon, and saw 2 of its levels.

You collected 53 gold pieces.

Inventory:

Hand Weapons
 a - a +0 hand axe
 c - a +0 whip
 h - a +0 club
 i - a +0 dagger (weapon)
 k - a +0 dagger
Missiles
 f - 48 arrows
 l - 5 stones (quivered)
Armour
 b - a +1 leather armour (worn)
Scrolls
 d - a scroll of blinking
 g - a scroll of amnesia
Potions
 e - a potion of curing {unknown}
 j - a potion of degeneration {unknown}


   Skills:
 + Level 4.5 Fighting
 + Level 0.5 Short Blades
 + Level 0.5 Long Blades
 + Level 4.5 Axes
 + Level 0.5 Maces & Flails
 + Level 0.5 Polearms
 + Level 0.5 Staves
 + Level 0.5 Slings
 + Level 0.5 Bows
 + Level 0.5 Crossbows
 + Level 2.5 Throwing
 + Level 2.5 Armour
 + Level 4.5 Dodging
 + Level 0.5 Stealth
 + Level 0.5 Shields
 + Level 0.5 Unarmed Combat
 + Level 4.9 Spellcasting
 + Level 0.4 Conjurations
 + Level 0.4 Hexes
 + Level 0.4 Summonings
 + Level 0.4 Necromancy
 + Level 5.4 Translocations
 + Level 0.4 Transmutations
 + Level 0.4 Fire Magic
 + Level 0.4 Ice Magic
 + Level 0.4 Air Magic
 + Level 0.4 Earth Magic
 + Level 0.4 Poison Magic
 + Level 0.7 Invocations
 + Level 0.5 Evocations


You had 11 spell levels left.
You didn't know any spells.
Your spell library contained the following spells:

 Spells                   Type           Power      Damage    Failure   Level
 Blink                    Tloc           N/A        N/A       4%          2
 Gell's Gravitas          Tloc           7%         N/A       9%          3
 Lesser Beckoning         Tloc           7%         N/A       9%          3
 Teleport Other           Tloc           15%        N/A       9%          3
 Manifold Assault         Tloc           15%        N/A       63%         5


Dungeon Overview and Level Annotations

Branches:
Dungeon (2/15)

Altars:


Innate Abilities, Weirdness & Mutations

You have very sharp teeth.
Your uncanny sense of smell can sniff out nearby items.
Your experience applies equally to all skills.


Message History

The hobgoblin is moderately wounded.
The hobgoblin hits you.
You hit the hobgoblin.
The hobgoblin is almost dead.
The hobgoblin barely misses you.
You closely miss the hobgoblin. You punch the hobgoblin.
You kill the hobgoblin!
A bat comes into view.
You have reached level 3!
Your experience leads to an increase in your attributes!
Increase (S)trength, (I)ntelligence, or (D)exterity?
Uppercase letters only, please.
You feel stronger. The gnoll misses you. The gnoll closely misses you.
You see here a hobgoblin corpse.
You hit the gnoll.
The gnoll is lightly wounded.
The gnoll closely misses you.
You barely miss the gnoll.
The gnoll is lightly wounded.
The bat closely misses you.
The gnoll hits you with a +1 spear of venom.
You are poisoned.
You completely miss the bat.
You feel very sick. The bat closely misses you.
The gnoll hits you with a +1 spear of venom.
You are lethally poisoned!
You hit the gnoll.
The gnoll is moderately wounded.
* * * LOW HITPOINT WARNING * * *
You feel very sick. The bat hits you but does no damage.
The gnoll hits you with a +1 spear of venom.
* * * LOW HITPOINT WARNING * * *
You are more poisoned.
You hit the gnoll but do no damage.
The gnoll is moderately wounded.
You die...

######## ####......
#.......###
#.#.......##
###.#........#.####
#.......#..@gb.....
#.#.#..##....#.####
#.#.......#.## #
#.###.......##.
###.####.........
#.......#####+###
#.#####.# #...## #.
#†###.....#. #
#<##........


You could see a gnoll and a bat.

Vanquished Creatures
  2 ball pythons (D:1)
  An endoplasm (D:1)
  3 goblins (D:1)
  3 hobgoblins
  4 jackals (D:2)
  A quokka (D:1)
  3 bats (D:1)
  A frilled lizard (D:1)
  2 kobolds (D:1)
20 creatures vanquished.

Notes
Turn   | Place    | Note
-------+----------+-------------------------------------------
     0 | D:1      | kodamatunes15 the Gnoll Warper began the quest for the Orb.
     0 | D:1      | Reached XP level 1. HP: 20/20 MP: 6/6
   164 | D:1      | Found a faded altar of an unknown god.
   498 | D:1      | Reached XP level 2. HP: 22/26 MP: 7/7
  1275 | D:2      | Reached XP level 3. HP: 23/31 MP: 9/9
  1281 | D:2      | Succumbed to a gnoll's poison

Illustrated notes

Levels and vault maps discovered:
D:1:      dpeg_arrival_arbitrary_b, layout_basic, basic_ecumenical_altar
D:2:      layout_loops_corners, minmay_tetromino_t4

Action                   || total
-------------------------++-------
Melee: Hand axe          ||    35
       Bite              ||    10
       Dagger            ||    47
       Whip              ||    15
       Punch             ||     1
Throw: Stone             ||     8
       Boomerang         ||     5
  Use: Scroll            ||     2
Armor: Leather armour    ||    45
Dodge: Dodged            ||   132

Table legend: (Time is in decaauts)
 A = Elapsed time spent in this place.
 B = Non-inter-level travel time spent in this place.
 C = Inter-level travel time spent in this place.
 D = Time resting spent in this place.
 E = Time spent auto-exploring this place.
 F = Levels seen in this place.
 G = Mean time per level.
                   A        B        C        D        E       F      G
               +--------+--------+--------+--------+--------+-----+--------+
         Total |   1284 |    509 |    775 |      0 |      0 |   2 |  642.0 |
       Dungeon |   1284 |    509 |    775 |      0 |      0 |   2 |  642.0 |
               +--------+--------+--------+--------+--------+-----+--------+

Top non-repeatable levels by time:
     D:1: 1198 daAuts
     D:2: 85 daAuts
